 Dungeon Crawl Stone Soup version 0.28.0 (webtiles) character file.

Game seed: 3025500328739826687

27 RascalDebosk the Grave Robber (level 2, 0/20 HPs)
             Began as a Demonspawn Necromancer on Feb 13, 2022.
             Slain by a worm (4 damage)
             ... on level 2 of the Dungeon.
             The game lasted 00:26:47 (1726 turns).

RascalDebosk the Grave Robber (DsNe)                Turns: 1726, Time: 00:26:48

Health: 0/20       AC:  2    Str:  8    XL:     2   Next: 93%
Magic:  1/5        EV: 12    Int: 16    God:
Gold:   104        SH:  0    Dex: 13    Spells: 3/5 levels left

rFire   . . .      SeeInvis .   d - +0 short sword
rCold   . . .      Faith    .   (no shield)
rNeg    . . .      Spirit   .   a - +0 robe
rPois   .          Reflect  .   (no helmet)
rElec   .          Harm     .   (no cloak)
rCorr   .          Rampage  .   (no gloves)
Will    .....                   (no boots)
Stlth   ++........              (no amulet)
HPRegen 0.06/turn               (no ring)
MPRegen 0.09/turn               (no ring)

@: no status effects
A: powered by death 1
a: no special abilities


You were on level 2 of the Dungeon.
You visited 1 branch of the dungeon, and saw 2 of its levels.

You collected 104 gold pieces.

Inventory:

Hand Weapons
 d - a +0 short sword (weapon)
Armour
 a - a +0 robe (worn)
Jewellery
 e - a ring of magical power
Scrolls
 b - a scroll of blinking {unknown}
 c - a scroll of teleportation {unknown}


   Skills:
 + Level 0.4 Fighting
 + Level 0.7 Armour
 + Level 2.0 Dodging
 * Level 2.2 Stealth
 * Level 2.2 Spellcasting
 * Level 4.6 Necromancy


You had 3 spell levels left.
You knew the following spells:

 Your Spells              Type           Power      Damage    Failure   Level
a - Pain                  Necr           64%        1d7       3%          1
b - Animate Skeleton      Necr           32%        N/A       3%          1

Your spell library contained the following spells:

 Spells                   Type           Power      Damage    Failure   Level
 Vampiric Draining        Necr           16%        2d7       10%         3
 Stone Arrow              Conj/Erth      2%         3d7       52%         3
 Animate Dead             Necr           8%         N/A       30%         4
 Agony                    Necr           16%        N/A       65%         5
 Animate Armour           Summ/Erth      2%         N/A       90%         4
 Lehudib's Crystal Spear  Conj/Erth      0%         10d2      100%        8


Dungeon Overview and Level Annotations

Branches:
Dungeon (2/15)

Altars:
Gozag


Innate Abilities, Weirdness & Mutations

You regenerate a little health from kills.


Message History

* * * LOW HITPOINT WARNING * * *
Aiming: Pain (safe; 3% risk of failure)
Press: ? - help, Q - select action, (/) - cycle Shift-Dir - straight line, f/p - worm
Aim: a worm (moderately wounded, chance to affect: 80%)
The worm writhes in agony.
An endoplasm comes into view.
The worm closely misses you.
Aiming: Pain (safe; 3% risk of failure)
Press: ? - help, Q - select action, (/) - cycle Shift-Dir - straight line, f/p - worm
Aim: a worm (moderately wounded, chance to affect: 80%)
The worm writhes in agony.
You don't have enough magic to cast this spell.
A bat comes into view.
The goblin closely misses you. The bat closely misses you. The bat misses you.
Aiming: Pain (safe; 3% risk of failure)
Press: ? - help, Q - select action, (/) - cycle Shift-Dir - straight line, f - bat
Aim: a bat (chance to affect: 86%)
The bat writhes in agony.
You kill the bat!
You don't have enough magic to cast this spell.
You don't have enough magic to cast this spell.
You hit the goblin.
You kill the goblin!
Your Dodging skill increases to level 2!
Things that are here:
a +0 dagger; a scroll labelled ZEICREU KAYRR You hit the worm but do no damage.
The worm bites you.
You hit the worm.
The worm is lightly wounded.
You hit the worm.
The worm is moderately wounded.
The worm bites you!
Ouch! That really hurt!
* * * LOW HITPOINT WARNING * * *
You hit the worm.
The worm is heavily wounded.
The worm bites you.
You die...

#.## .# ####.###
##.### #......#
..... #......##
#..#
#.......####.#
#.........#..#
#......##..).#
##########.#.#####
####..#..@wJ##
#....######..##
#.#### ##..# #.#
##.#### ######.###
#....###
#........#
####.J.#######
#........#
###........
#........#
#........
#........#
#...♣♣...


You could see a worm and an endoplasm.

Vanquished Creatures
  A dart slug (D:1)
  3 endoplasms (D:1)
  4 giant cockroaches
  2 goblins
  2 hobgoblins (D:1)
  2 quokkas (D:1)
  3 ball pythons (D:1)
  2 bats
  2 frilled lizards
  A kobold (D:1)
22 creatures vanquished.

Vanquished Creatures (others)
  A plant (D:1)
1 creature vanquished.

Grand Total: 23 creatures vanquished

Notes
Turn   | Place    | Note
-------+----------+-------------------------------------------
     0 | D:1      | RascalDebosk the Demonspawn Necromancer began the quest for
                  | the Orb.
     0 | D:1      | Reached XP level 1. HP: 13/13 MP: 3/3
     3 | D:1      | Learned a level 1 spell: Animate Skeleton
    76 | D:1      | Found a faded altar of an unknown god.
   506 | D:1      | Gained mutation: You regenerate a little health from kills.
                  | [demonic ancestry]
   506 | D:1      | Reached XP level 2. HP: 14/19 MP: 0/5
  1613 | D:2      | Found an opulent altar of Gozag.
  1726 | D:2      | Slain by a worm

Illustrated notes

Levels and vault maps discovered:
D:1:      elethiomel_arrival_maze, layout_loops_ring,
          shapermc_ecumenical_altar_mp_ritualfount
D:2:      layout_rooms, basic_altar, chequers_garden

Skill      XL: |  1  2 |
---------------+-------+-----
Stealth        | 2 |  2.2
Dodging        | 2 |  2.0
Fighting       | |  0.4
Armour         | |  0.7
Spellcasting   | |  2.2
Necromancy     | |  4.6

Action                   || total
-------------------------++-------
Melee: Unarmed           ||    22
       Short sword       ||     9
 Cast: Pain              ||    43
       Animate Skeleton  ||     2
Armor: Robe              ||     8
Dodge: Dodged            ||    32
